 Dungeon Crawl Stone Soup version 0.22-a0-348-gd16d1391c7 (webtiles) character file.

9018 Laan the Cleaver (level 11, -1/156 HPs)
             Began as a Minotaur Berserker on Apr 7, 2018.
             Was a High Priest of Trog.
             Slain by a centaur warrior (3 damage)
             ... on level 9 of the Dungeon.
             The game lasted 00:16:47 (9220 turns).

Laan the Cleaver (Minotaur Berserker)               Turns: 9220, Time: 00:16:47

Health: -1/156     AC: 15    Str: 31    XL:     11   Next: 17%
Magic:  6/6        EV: 10    Int:  4    God:    Trog [*****.]
Gold:   715        SH:  0    Dex:  9    Spells: 10/10 levels left

rFire    + . .     SeeInvis .   I - +4 broad axe (antimagic)
rCold    . . .     Gourm    +   (no shield)
rNeg     . . .     Faith    .   s - +0 chain mail
rPois    .         Spirit   .   (helmet restricted)
rElec    .         Reflect  .   G - +1 cloak
rCorr    .         Harm     .   i - +0 pair of gloves
MR       .....                  (no boots)
Stlth    ..........             E - amulet of the gourmand
HPRegen  0.36/turn              F - ring of protection from fire
MPRegen  0.10/turn              v - ring of magical power

@: berserking, drained, very quick
A: retaliatory headbutt, horns 2
a: Berserk, Trog's Hand, Brothers in Arms, Renounce Religion


You were on level 9 of the Dungeon.
You worshipped Trog.
Trog was extremely pleased with you.
You were very full.

You visited 1 branch of the dungeon, and saw 9 of its levels.
You also visited: Ossuary.

You collected 715 gold pieces.

Inventory:

Hand Weapons
 I - a +4 antimagic broad axe (weapon)
Armour
 i - a +0 pair of gloves (worn)
 s - a +0 chain mail (worn)
 G - a +1 cloak (worn)
Jewellery
 v - a ring of magical power (right hand)
 E - an amulet of the gourmand (around neck)
 F - a ring of protection from fire (left hand)
Wands
 J - a wand of flame (9)
 K - a wand of iceblast (9)
 L - a wand of polymorph (11)
Scrolls
 a - a scroll of fear {unknown}
 b - 4 scrolls of remove curse
 d - 2 scrolls of magic mapping {unknown}
 f - 7 scrolls of identify
 h - 4 scrolls of random uselessness {unknown}
 k - 7 scrolls of teleportation {unknown}
 l - 4 scrolls of blinking {unknown}
 o - 5 scrolls of enchant armour {unknown}
 p - 2 scrolls of noise {unknown}
 q - 5 scrolls of immolation {unknown}
 y - 2 scrolls of fog {unknown}
 D - a scroll of brand weapon {unknown}
 H - a scroll of torment {unknown}
Potions
 e - 5 potions of heal wounds
 g - 3 potions of invisibility {unknown}
 j - 4 potions of agility {unknown}
 m - 3 potions of mutation {unknown}
 n - a potion of resistance
 r - 4 potions of flight {unknown}
 t - 3 potions of magic {unknown}
 u - 4 potions of degeneration {unknown}
 w - 3 potions of curing {unknown}
 x - a potion of ambrosia {unknown}
 z - 3 potions of cancellation {unknown}
 A - 4 potions of lignification {unknown}
 B - 3 potions of might {unknown}
 C - 2 potions of haste {unknown}
 M - 2 potions of brilliance {unknown}
Comestibles
 c - 23 rations
 N - 23 chunks of flesh


   Skills:
 + Level 11.7(11.1) Fighting
 + Level 13.4(12.8) Axes
 + Level 11.4(10.8) Armour
 - Level 2.1(1.7) Dodging


You had 10 spell levels left.
You didn't know any spells.

Dungeon Overview and Level Annotations

Branches:
Dungeon (9/15)             Temple (0/1) D:7             Orc (0/2) D:9
   Lair: D:8-11

Altars:
Ashenzari
Cheibriados
Fedhas
Hepliaklqana
Kikubaaqudgha
Qazlal
Ru
Vehumet
Xom
Yredelemnul
Zin
The Shining One

Shops:
D:8 :


Innate Abilities, Weirdness & Mutations

You reflexively headbutt those who attack you in melee.
You have a pair of horns on your head.


Message History

You feel yourself moving faster!
You feel mighty! The centaur warrior hits you.
* * * LOW HITPOINT WARNING * * *
You barely miss the centaur warrior.
Your headbutt misses the centaur warrior.
The centaur warrior is lightly wounded.
The centaur warrior hits you!
* * * LOW HITPOINT WARNING * * *
You completely miss the centaur warrior.
The centaur warrior is lightly wounded.
The centaur warrior hits you but does no damage.
You slash the centaur warrior!
The centaur warrior is heavily wounded.
The centaur warrior hits you!
* * * LOW HITPOINT WARNING * * *
You are too berserk!
You slash the centaur warrior!
Your headbutt misses the centaur warrior.
The centaur warrior is severely wounded.
The centaur warrior hits you.
You die...

#..........#
...........#..
#.......## #....
###.)...# ##...#
.##รท)...# #....#
..).....# #....#########
........# #............#
........# #............#
...##..####.....@c.....#
..........(.(.(........#
...##..................#
...##..................#
...##.....(............#
#..................#
.....#...#.##########
<.#...#####.# ###...#
#.#


You could see a centaur warrior.

Vanquished Creatures
  A two-headed ogre (D:8)
  The ghost of Laan the Magician, a novice GnFE of Cheibriados (D:6)
  Pikel (D:8)
  Maurice (D:8)
  Psyche (D:8)
  5 gargoyles (D:7)
  A dream sheep (D:8)
  2 wyverns
  3 yaks (D:9)
  Menkaure (D:4)
  Duvessa (D:6)
  An ice beast (D:5)
  3 slaves (D:8)
  2 sky beasts (D:6)
  3 black bears
  An orc warrior (D:7)
  6 ogres
  The ghost of Sassnad the Chopper, an amateur FoFi (D:3)
  3 centaurs
  3 big kobolds (D:6)
  3 bullfrogs
  2 scorpions
  A water moccasin skeleton (D:2)
  6 killer bees (D:8)
  Dowan (D:6)
  3 wights (D:9)
  3 electric eels (D:6)
  2 howler monkeys
  A crimson imp (D:9)
  Crazy Yiuf (D:4)
  2 hounds (D:7)
  5 jellies
  A centaur skeleton (D:4)
  3 centaur zombies
  A human zombie (Ossuary)
  4 orc priests
  4 bullfrog skeletons
  A gnoll shaman (D:2)
  3 iguanas
  6 orc wizards
  3 worker ants
  A big kobold zombie (Ossuary)
  3 hound zombies
  2 hound skeletons (D:7)
  5 mummies (Ossuary)
  A howler monkey skeleton (D:8)
  16 gnolls
  11 adders
  A shadow imp (D:8)
  5 oozes (D:8)
  2 adder zombies
  2 adder skeletons
  2 worms
  5 dart slugs
  3 leopard geckos
  18 orcs
  2 ball pythons
  7 giant cockroaches
  31 goblins
  22 hobgoblins
  6 jackals
  4 quokkas
  9 bats
  11 frilled lizards
  A giant cockroach zombie (D:5)
  2 goblin zombies (Ossuary)
  A hobgoblin zombie (Ossuary)
  8 kobolds
  An orc zombie (Ossuary)
  2 quokka skeletons
  2 quokka zombies
  9 rats
292 creatures vanquished.

Notes
Turn   | Place    | Note
-------+----------+-------------------------------------------
     0 | D:1      | Laan the Minotaur Berserker began the quest for the Orb.
     0 | D:1      | Reached XP level 1. HP: 19/19 MP: 0/0
   124 | D:1      | Reached skill level 4 in Axes
   170 | D:1      | Reached XP level 2. HP: 23/26 MP: 1/1
   363 | D:1      | Reached skill level 5 in Axes
   378 | D:1      | Reached XP level 3. HP: 31/31 MP: 2/2
   406 | D:1      | Reached ** piety under Trog
   976 | D:2      | Found a blossoming altar of Fedhas.
  1125 | D:2      | Found a radiant altar of Vehumet.
  1127 | D:2      | Found a snail-covered altar of Cheibriados.
  1135 | D:2      | Reached skill level 6 in Axes
  1135 | D:2      | Reached XP level 4. HP: 15/39 MP: 3/3
  1284 | D:2      | Reached skill level 7 in Axes
  1284 | D:2      | Reached XP level 5. HP: 27/45 MP: 4/4
  1343 | D:2      | Found a shattered altar of Ashenzari.
  1375 | D:2      | Found a hazy altar of Hepliaklqana.
  1377 | D:2      | Found a shimmering altar of Xom.
  1377 | D:2      | Noticed a yak
  1379 | D:2      | Noticed a spectral ugly thing
  1379 | D:2      | Noticed a yak
  1747 | D:2      | Found a sacrificial altar of Ru.
  1747 | D:2      | Found a glowing golden altar of the Shining One.
  1747 | D:2      | Found a glowing silver altar of Zin.
  1753 | D:2      | Found an ancient bone altar of Kikubaaqudgha.
  1909 | D:3      | Found a sacrificial altar of Ru.
  1947 | D:3      | Reached *** piety under Trog
  1970 | D:3      | Reached skill level 8 in Axes
  2016 | D:3      | Reached XP level 6. HP: 34/51 MP: 5/5
  2171 | D:3      | Noticed Sassnad's ghost (amateur FoFi)
  2182 | D:3      | Killed Sassnad's ghost
  2833 | D:3      | Found a stormy altar of Qazlal.
  2961 | D:4      | Reached **** piety under Trog
  2988 | D:4      | Reached XP level 7. HP: 39/60 MP: 6/6
  3120 | D:4      | Found a sand-covered staircase.
  3132 | Ossuary  | Entered an ossuary
  3147 | Ossuary  | Reached skill level 5 in Fighting
  3156 | Ossuary  | Reached skill level 9 in Axes
  3663 | D:4      | Noticed Menkaure
  3671 | D:4      | Killed Menkaure
  3671 | D:4      | Reached skill level 5 in Armour
  3730 | D:4      | Reached XP level 8. HP: 61/70 MP: 7/7
  3922 | D:4      | Found a runed door.
  3926 | D:4      | Noticed Crazy Yiuf
  3936 | D:4      | Killed Crazy Yiuf
  4090 | D:5      | Entered Level 5 of the Dungeon
  4311 | D:5      | Reached skill level 10 in Axes
  4522 | D:5      | Reached ***** piety under Trog
  4907 | D:6      | Noticed Laan's ghost (novice GnFE)
  4908 | D:6      | Noticed Duvessa
  4914 | D:6      | Reached XP level 9. HP: 76/81 MP: 8/8
  4918 | D:6      | Noticed Dowan
  4919 | D:6      | Killed Laan's ghost
  4919 | D:6      | Reached skill level 11 in Axes
  4933 | D:6      | Killed Dowan
  5025 | D:6      | Killed Duvessa
  5122 | D:6      | Received a gift from Trog
  6125 | D:7      | Found a staircase to the Ecumenical Temple.
  6472 | D:7      | Received a gift from Trog
  6547 | D:7      | Reached XP level 10. HP: 52/92 MP: 6/9
  6742 | D:7      | Noticed a gargoyle
  6746 | D:7      | Killed a gargoyle
  6746 | D:7      | Reached skill level 12 in Axes
  6758 | D:7      | Noticed a gargoyle
  6767 | D:7      | Killed a gargoyle
  6767 | D:7      | Reached skill level 10 in Fighting
  7059 | D:7      | Noticed a gargoyle
  7071 | D:7      | Killed a gargoyle
  7158 | D:7      | Noticed a gargoyle
  7166 | D:7      | Killed a gargoyle
  7374 | D:7      | Noticed a gargoyle
  7381 | D:7      | Killed a gargoyle
  7381 | D:7      | Reached skill level 10 in Armour
  7716 | D:8      | Noticed Psyche
  7911 | D:8      | Killed Psyche
  7964 | D:8      | Noticed Pikel
  7968 | D:8      | Noticed Maurice
  7977 | D:8      | Killed Pikel
  8021 | D:8      | Killed Maurice
  8056 | D:8      | Noticed a two-headed ogre
  8059 | D:8      | a two-headed ogre changed into a dream sheep
  8117 | D:8      | Reached skill level 13 in Axes
  8243 | D:8      | Noticed a two-headed ogre
  8248 | D:8      | Killed a two-headed ogre
  8502 | D:8      | Found Mosiara's Book Shop.
  8694 | D:8      | Found a basalt altar of Yredelemnul.
  8698 | D:8      | Reached XP level 11. HP: 102/102 MP: 6/10
  9078 | D:9      | Found a staircase to the Orcish Mines.
  9156 | D:9      | Got a pair of transparent gloves
  9157 | D:9      | Identified the cursed +0 pair of gloves of the Harp {+Inv} (You found it on level 9 of the Dungeon)
  9208 | D:9      | Noticed a centaur warrior
  9219 | D:9      | HP: 1/156 [centaur warrior (10)]
  9220 | D:9      | Slain by a centaur warrior

Vault maps used:
D:1:      sevenhm_arrival_forest_fort_large_1, roderic_serpentine_path,
          minmay_tree_intersection, minmay_close_crescents
D:2:      regret_index_temple_of_mockery, minitemple, fedhas_altar_1,
          ashenzari_altar_1
D:3:      lemuel_crystal_altar, dk_noncrumbling_4,
          nicolae_ru_sacrificial_ziggurat
D:4:      first_ration, nicolae_ossuary_entry_ruins, uniq_crazy_yiuf_cottage,
          uniq_menkaure
D:6:      minmay_goblin_kobold_castle, uniq_duvessa
D:7:      cheibrodos_statue_roulette, minmay_temple_entry_junction_2
D:8:      lemuel_coloured_pillars_altar, serial_shops, kennysheep_little_box,
          hex_tiny, hangedman_little_slice_of_home, serial_bayou_ford_a,
          uniq_maurice, uniq_psyche, uniq_pikel
D:9:      orc_0_dummy, minivault_20
Ossuary:  ossuary_crypta

Skill      XL: |  1  2  3  4  5  6  7  8  9 10 |
---------------+-------------------------------+-----
Axes           | 4 5 6 7 8 9 10 11 13 | 13.4
Fighting       | 4 6 7 9 11 | 11.7
Armour         | 3 5 7 9 11 | 11.4
Dodging        | |  2.1

Action                   |  1- 3 |  4- 6 |  7- 9 | 10-12 || total
-------------------------+-------+-------+-------+-------++-------
Melee: Hand axe          |    81 |   142 |       |       ||   223
       Headbutt          |    11 |    32 |    69 |    31 ||   143
       War axe           |       |    10 |   336 |       ||   346
       Broad axe         |       |       |    11 |   161 ||   172
       Unarmed           |       |       |       |    10 ||    10
Invok: Berserk           |     2 |     1 |     4 |     3 ||    10
Evoke: Wand              |       |       |    13 |    10 ||    23
  Use: Scroll            |       |     2 |     1 |     1 ||     4
  Eat: Chunk             |     2 |     7 |    36 |    16 ||    61
Armor: Animal skin       |    15 |     1 |       |       ||    16
       Ring mail         |       |    13 |       |       ||    13
       Chain mail        |       |    41 |   184 |    77 ||   302
       Skin              |       |       |       |     4 ||     4
Dodge: Dodged            |    54 |    65 |   136 |    71 ||   326

Table legend:
 A = Spawn XP
 B = Non-spawn XP
 C = Spawn XP percentage of total XP
 D = Spawn monster count
 E = Non-spawn monster count
 F = Spawn count percentage of total count
 G = Total turns spent on level
                    A         B        C        D         E        F      G
               +---------+---------+-------+---------+---------+-------+---------
         Total |       0 |   12883 |   0.0 |       0 |     289 |   0.0 |  9220
               +---------+---------+-------+---------+---------+-------+---------
           D:1 |       0 |      57 |   0.0 |       0 |      31 |   0.0 |   898
           D:2 |       0 |     220 |   0.0 |       0 |      24 |   0.0 |   985
           D:3 |       0 |     354 |   0.0 |       0 |      37 |   0.0 |  1014
           D:4 |       0 |     800 |   0.0 |       0 |      16 |   0.0 |   676
           D:5 |       0 |     573 |   0.0 |       0 |      18 |   0.0 |   602
           D:6 |       0 |    2751 |   0.0 |       0 |      80 |   0.0 |  1319
           D:7 |       0 |    2596 |   0.0 |       0 |      17 |   0.0 |  1659
           D:8 |       0 |    3991 |   0.0 |       0 |      37 |   0.0 |  1386
           D:9 |       0 |    1291 |   0.0 |       0 |      16 |   0.0 |   164
       Ossuary |       0 |     250 |   0.0 |       0 |      13 |   0.0 |   517
               +---------+---------+-------+---------+---------+-------+---------
